 Dungeon Crawl Stone Soup version 0.29.1-2-gbd0b4ee654 (webtiles) character file.

Game seed: 16956983046104407254

99583 GeoRichter the Bewitcher (level 15, -5/80 HPs)
             Began as a Spriggan Gladiator on Nov 4, 2022.
             Was the Champion of Wu Jian.
             Slain by a jumping spider (10 damage)
             ... on level 3 of the Spider Nest.
             The game lasted 01:23:34 (32685 turns).

GeoRichter the Bewitcher (Spriggan Gladiator)      Turns: 32685, Time: 01:23:34

Health: -5/80      AC: -12   Str: 17    XL:     15   Next: 78%
Magic:  27/27      EV: 28    Int: 12    God:    Wu Jian [******]
Gold:   2032       SH:  0    Dex: 20    Spells: 7/29 levels left

rFire   + . .      SeeInvis +   n - +9 dagger (drain)
rCold   . . .      Faith    .   x - +2 buckler
rNeg    + . .      Spirit   .   N - +1 troll leather armour
rPois   +          Reflect  +   c - +0 hat
rElec   .          Harm     .   C - +0 cloak
rCorr   .          Rampage  .   (gloves unavailable)
Will    ++...                   (boots unavailable)
Stlth   +++.......              j - amulet of reflection
HPRegen 1.03/turn               P - ring of poison resistance
MPRegen 0.20/turn               V - ring "Ytoghear" {rF+ rN+ Str+5 SInv Stlth+}

@: corroded, in a heavenly storm, held, glowing, studying 2 skills, very quick
A: very small, no large weapons, unfitting armour, see invisible, speed 3
a: Renounce Religion, Wall Jump, Serpent's Lash, Heavenly Storm


You were on level 3 of the Spider Nest.
You worshipped Wu Jian.
Wu Jian was exalted by your worship.
You visited 4 branches of the dungeon, and saw 25 of its levels.
You also visited: Sewer.

You collected 2448 gold pieces.
You spent 416 gold pieces at shops.

Inventory:

Hand Weapons
 n - a +9 dagger of draining (weapon)
   (You took it off a wight on level 8 of the Dungeon)
Missiles
 d - 6 throwing nets (quivered) {!f}
Armour
 c - a +0 hat (worn)
 x - a +2 buckler (worn)
   (You took it off a spriggan on level 10 of the Dungeon)
 B - a +0 buckler of fire resistance
   (You took it off a tengu warrior on level 12 of the Dungeon)
 C - a +0 cloak (worn)
   (You took it off Crazy Yiuf on level 5 of the Dungeon)
 N - a +1 troll leather armour (worn)
   (You found it on level 10 of the Dungeon)
Jewellery
 j - an amulet of reflection (around neck)
   (You found it on level 2 of the Dungeon)
 o - a +6 ring of intelligence
   (You found it on level 2 of the Spider Nest)
 q - a ring of resist corrosion
   (You found it on level 11 of the Dungeon)
 u - a +6 ring of dexterity
   (You found it on level 5 of the Dungeon)
 G - a ring of willpower
   (You found it on level 7 of the Dungeon)
 J - a ring of positive energy
   (You found it on level 8 of the Dungeon)
 K - an amulet of guardian spirit
   (You found it on level 2 of the Spider Nest)
 M - an amulet of regeneration
   (You found it on level 10 of the Dungeon)
 P - a ring of poison resistance (left hand)
   (You found it on level 1 of the Lair of Beasts)
 V - the ring "Ytoghear" (right hand) {rF+ rN+ Str+5 SInv Stlth+}
   (You found it on level 15 of the Dungeon)

   [ring of protection from fire]

   Str:       It affects your strength (+5).
   rF:        It protects you from fire.
   rN:        It protects you from negative energy.
   SInv:      It lets you see invisible.
   Stlth:     It makes you more stealthy.
Wands
 y - a wand of digging (9)
   (You found it on level 4 of the Dungeon)
 Y - a wand of quicksilver (6)
   (You found it on level 1 of the Spider Nest)
Scrolls
 b - a scroll of torment {!r}
 e - 3 scrolls of amnesia
 f - a scroll of identify {@r1}
 k - 10 scrolls of poison {!r}
 m - 2 scrolls of summoning
 r - 3 scrolls of magic mapping
 t - 5 scrolls of enchant armour
 v - 3 scrolls of enchant weapon
 w - 2 scrolls of immolation {!r}
 z - 2 scrolls of fog
 D - 10 scrolls of teleportation {@r4}
 I - 3 scrolls of vulnerability {!r}
 S - 4 scrolls of fear
 Z - 2 scrolls of blinking
Potions
 a - 3 potions of lignification {!q}
 g - 11 potions of curing {@q1}
 h - 3 potions of might
 i - 3 potions of haste {@q3}
 l - 3 potions of resistance
 p - 2 potions of invisibility {unknown}
 A - 7 potions of flight
 E - a potion of cancellation {unknown}
 F - 4 potions of attraction {!q}
 H - 4 potions of mutation {!q}
 L - 3 potions of magic
 Q - 2 potions of brilliance
 R - 3 potions of berserk rage
 T - 3 potions of degeneration {unknown}
 U - 7 potions of ambrosia
 X - 2 potions of heal wounds {@q2}
Miscellaneous
 s - a lightning rod (3/4) {!a}
   (You found it in a sewer)
 O - a condenser vane
   (You found it on level 1 of the Spider Nest)


   Skills:
 - Level 10.0 Fighting
 - Level 14.0 Short Blades
 - Level 2.0 Throwing
 * Level 5.4 Armour
 - Level 15.0 Dodging
 - Level 11.5 Stealth
 - Level 9.0 Shields
 - Level 7.9 Spellcasting
 * Level 15.9 Hexes
 - Level 5.0 Evocations


You had 7 spell levels left.
You knew the following spells:

 Your Spells              Type           Power      Damage    Failure   Level
a - Confusing Touch       Hex            43%        N/A       1%          3
b - Enfeeble              Hex            21%        N/A       36%         7
c - Cause Fear            Hex            21%        N/A       1%          4
d - Discord               Hex            21%        N/A       96%         8

Your spell library contained the following spells:

 Spells                   Type           Power      Damage    Failure   Level
 Dazzling Flash           Conj/Hex       46%        N/A       3%          3
 Inner Flame              Hex/Fire       23%        N/A       3%          3
 Portal Projectile        Hex/Tloc       46%        N/A       3%          3
 Leda's Liquefaction      Hex/Erth       11%        N/A       12%         4
 Silence                  Hex/Air        11%        N/A       32%         5
 Yara's Violent Unravell  Hex/Tmut       11%        3d6       32%         5
 Call Canine Familiar     Summ           4%         N/A       67%         3
 Conjure Flame            Conj/Fire      4%         6-21      67%         3
 Ignite Poison            Fire/Tmut/Pois 4%         N/A       67%         3
 Iskenderun's Mystic Bla  Conj/Tloc      4%         2d3       97%         4
 Sticky Flame             Conj/Fire      4%         2d3       97%         4
 Agony                    Necr           4%         N/A       100%        5
 Alistair's Intoxication  Tmut/Pois      2%         N/A       100%        5
 Borgnjor's Vile Clutch   Necr/Erth      2%         N/A       100%        5
 Eringya's Noxious Bog    Tmut/Pois      2%         N/A       100%        6
 Starburst                Conj/Fire      2%         6d3       100%        6


Dungeon Overview and Level Annotations

Branches:
Dungeon (15/15) Zot: 26351  Temple (0/1) D:6            Lair (5/5) D:10 Zot: 25392
 Shoals (0/4) Lair:2       Spider (3/4) Lair:2 Zot: 15588   Slime (0/5) Lair:5
    Orc (2/2) D:9 Zot: 10923     Elf (0/3) Orc:2        Vaults (0/5) D:14
 Depths (0/4) D:15          Sewer (visited)

Altars:
Ashenzari
Gozag
Hepliaklqana
Kikubaaqudgha
Okawaru
Sif Muna
Uskayaw
Vehumet
Wu Jian

Shops:
D:5 [   D:6 (   D:9 *   D:12 *   Orc:1 ?   Orc:2 (:::

Portals:
Trove: D:12 (give +4 ice dragon scales)

Annotations:
D:3 exclusion: door
D:4 3 runed translucent doors, Ivernyr's ghost, amateur BaAM
Lair:2 1 runed translucent door, Weugil's ghost, journeyman HaBe
Spider:3 1 transporter


Innate Abilities, Weirdness & Mutations

You are very small and have problems with some larger weapons.
You are too small for most types of armour.
You have supernaturally acute eyesight. (SInv)
You cover ground extremely quickly. (Speed+++)


Message History

You spin and attack the pharaoh ant.
You hit the pharaoh ant but do no damage.
You hear a faint skittering sound.
The pharaoh ant completely misses you.
You spin and attack the jumping spider.
You hit the jumping spider. You drain the jumping spider.
You spin and attack the jumping spider.
You barely miss the jumping spider.
You block the jumping spider's attack. x2
You spin and attack the jumping spider.
You hit the jumping spider but do no damage.
You drain the jumping spider.
You spin and attack the entropy weaver.
You hit the entropy weaver. You block the jumping spider's attack.
The jumping spider completely misses you.
You are caught in the web!
A torpor snail comes into view.
You spin and attack the redback repeatedly.
You puncture the redback! You drain the redback. You barely miss the redback.
You spin and attack the entropy weaver.
You hit the entropy weaver but do no damage.
The entropy weaver completely misses you.
The entropy weaver closely misses you.
The entropy weaver completely misses you.
The entropy weaver hits you!
* * * LOW HITPOINT WARNING * * *
The redback completely misses you.
The jumping spider leaps!
The torpor snail moves out of view.
There is a web, spattered with blood here.
You struggle to detach yourself from the web.
The entropy weaver gestures at you while chanting.
The entropic weave corrodes you!
The jumping spider leaps!
The jumping spider completely misses you.
The jumping spider bites you.
* * * LOW HITPOINT WARNING * * *
You struggle to detach yourself from the web.
A tarantella comes into view.
The jumping spider barely misses you. x2
A steelbarb worm comes into view.
The entropy weaver hits you.
* * * LOW HITPOINT WARNING * * *
The entropy weaver hits you!
* * * LOW HITPOINT WARNING * * *
The entropy weaver misses you. The entropy weaver hits you.
* * * LOW HITPOINT WARNING * * *
The jumping spider pounces on you.
* * * LOW HITPOINT WARNING * * *
You are even more entangled.
The jumping spider completely misses you.
The redback closely misses you. The redback barely misses you.
The jumping spider pounces on you!
You die...

.##?[^..†...#.# .##
#...#^..##..#.##.#..
. #.##.#.#.........
#....§§☼☼#..#.##.
##^#☼#§#§§#......#
#.s#§☼§§##☼..#...
#.#☼s#§§BB§☼#...#
.B.##☼Bs#Bs#§..#
..s.^#s#☼##s@s#....#
#..?###sss°ss#§§.##.#
#s#....s#§#w#.☼☼^# .
..#.#.###§..###....^
..s^# !.w©.. ..##....
########.. .###
#8[:©:[8##. #
#..$s$[$..#.
.#.#.s.B.#.#.


You could see a radroach (drained), an entropy weaver (drained), a steelbarb
worm, a pharaoh ant, 2 jumping spiders, a tarantella and 2 redbacks.

Vanquished Creatures
  An emperor scorpion (Spider:2)
  2 ghost moths
  A vampire knight (D:12)
  Azrael (Spider:2)
  3 entropy weavers
  2 fire dragons
  Fannar (Lair:2)
  2 catoblepae
  2 boulder beetles
  3 jorogumos
  A radroach (Spider:2)
  9 two-headed ogres
  Erica (D:8)
  8 hydras
  An ogre mage (D:15)
  2 dancing weapons (D:14)
  7 centaur warriors
  2 tengu warriors
  Nergalle (D:10)
  A fire crab (shapeshifter) (D:13)
  Amaemon (Lair:3)
  3 pharaoh ants
  A steelbarb worm (Spider:1)
  2 orb spiders (Spider:2)
  3 orc knights
  Pikel (D:4)
  A harpy (shapeshifter) (D:15)
  4 deep elf pyromancers
  6 ugly things
  2 manticores
  A salamander (shapeshifter) (D:12)
  10 wolf spiders
  6 cyclopes
  2 orc sorcerers
  A moth of wrath (Spider:2)
  4 elephants
  2 molten gargoyles (Lair:5)
  9 black mambas
  2 torpor snails (Spider:1)
  A cane toad (shapeshifter) (D:15)
  2 gargoyles
  An orange demon (Lair:3)
  4 demonic crawlers
  2 unseen horrors (D:12)
  2 rime drakes (Lair:3)
  5 cane toads
  6 komodo dragons
  A queen bee (Spider:2)
  3 meliai
  12 trolls
  2 polar bears
  14 tarantellas
  3 slime creatures (D:12)
  A hornet (D:10)
  4 blink frogs (Lair:3)
  4 merfolk (Lair:2)
  6 jumping spiders
  A vampire (D:8)
  A spriggan (D:10)
  8 culicivoras
  A centaur simulacrum (D:12)
  2 fire elementals (Spider:2)
  A wraith (D:10)
  7 wyverns
  8 basilisks
  37 yaks
  25 redbacks
  Menkaure (D:5)
  6 vampire mosquitoes
  6 wargs
  2 acid dragons (D:10)
  6 water moccasins
  Duvessa (D:7)
  6 hell hounds
  35 orc warriors
  2 black bears
  A sky beast (D:7)
  8 ogres
  3 wolves (Lair:3)
  20 centaurs
  3 phantoms
  3 kobold brigands
  2 lemures (D:4)
  10 bullfrogs
  5 gnoll sergeants
  6 scorpions
  4 necrophages
  9 wights
  Dowan (D:7)
  22 killer bees
  A jelly (D:4)
  13 howler monkeys
  5 lava snakes (Lair:5)
  3 hounds
  16 orc priests
  2 iguanas
  Crazy Yiuf (D:5)
  A gnoll bouda (D:7)
  27 orc wizards
  28 gnolls
  10 adders
  2 white imps
  An ufetubus (D:6)
  2 worms (D:3)
  7 dart slugs
  71 orcs
  2 bats
  18 endoplasms
  12 giant cockroaches
  9 goblins
  6 hobgoblins
  12 kobolds
  16 quokkas
  15 ball pythons
  12 frilled lizards
  4 rats
734 creatures vanquished.

Vanquished Creatures (collateral kills)
  A culicivora (Spider:2)
1 creature vanquished.

Vanquished Creatures (others)
  An orc warrior (Orc:2)
  2 orc wizards
  An orc (Orc:2)
  6 fungi
  10 plants
  2 withered plants (Lair:2)
22 creatures vanquished.

Grand Total: 757 creatures vanquished

Notes
Turn   | Place    | Note
-------+----------+-------------------------------------------
     0 | D:1      | GeoRichter the Spriggan Gladiator began the quest for the
                  | Orb.
     0 | D:1      | Reached XP level 1. HP: 10/10 MP: 2/2
   870 | D:1      | Reached XP level 2. HP: 14/14 MP: 3/3
   880 | D:1      | Found a faded altar of an unknown god.
   915 | D:1      | Prayed at the altar of an unknown god.
   915 | D:1      | Became a worshipper of the Wu Jian Council
   915 | D:1      | Reached * piety under Wu Jian
  1550 | D:2      | Found an ancient bone altar of Kikubaaqudgha.
  1839 | D:2      | Reached XP level 3. HP: 15/18 MP: 4/4
  1868 | D:2      | Reached XP level 4. HP: 15/22 MP: 5/5
  2025 | D:2      | Reached skill level 5 in Dodging
  2056 | D:2      | Reached ** piety under Wu Jian
  2435 | D:2      | Reached skill level 5 in Short Blades
  2976 | D:3      | Found an iron altar of Okawaru.
  3201 | D:3      | Found a glowing drain.
  3205 | Sewer    | Entered a sewer
  3371 | Sewer    | Reached XP level 5. HP: 25/25 MP: 6/6
  3609 | Sewer    | Reached *** piety under Wu Jian
  4145 | Sewer    | Reached XP level 6. HP: 26/30 MP: 7/7
  4476 | D:3      | Found a shimmering blue altar of Sif Muna.
  5109 | D:4      | Noticed Pikel
  5114 | D:4      | Killed Pikel
  5115 | D:4      | Reached XP level 7. HP: 28/33 MP: 8/8
  5810 | D:4      | Reached **** piety under Wu Jian
  5884 | D:4      | Reached XP level 8. HP: 37/37 MP: 9/9
  6575 | D:4      | Found a runed translucent gate.
  6575 | D:4      | Found a runed translucent gate.
  6575 | D:4      | Found a runed translucent gate.
  6575 | D:4      | Noticed Ivernyr's ghost (amateur BaAM)
  6652 | D:5      | Entered Level 5 of the Dungeon
  7238 | D:5      | Noticed Menkaure
  7250 | D:5      | Killed Menkaure
  7251 | D:5      | Reached skill level 10 in Short Blades
  8576 | D:5      | Found Taededgh's Antique Armour Boutique.
  8666 | D:5      | Found a runed translucent door.
  8667 | D:5      | Noticed Crazy Yiuf
  8673 | D:5      | Killed Crazy Yiuf
  8704 | D:6      | Found Koakh's Antique Weapon Emporium.
  8854 | D:6      | Reached XP level 9. HP: 41/41 MP: 10/10
  8882 | D:6      | Reached skill level 5 in Evocations
  8923 | D:6      | Reached skill level 10 in Dodging
 10385 | D:6      | Found a staircase to the Ecumenical Temple.
 11224 | D:7      | Noticed Dowan
 11226 | D:7      | Reached skill level 1 in Stealth
 11272 | D:6      | Reached XP level 10. HP: 23/46 MP: 11/11
 11440 | D:7      | Noticed Duvessa
 11447 | D:7      | Killed Dowan
 11574 | D:7      | Killed Duvessa
 11917 | D:7      | You fall into a shaft and drop 1 floor!
 12310 | D:8      | Noticed Erica
 12317 | D:8      | Killed Erica
 12318 | D:8      | Reached skill level 5 in Stealth
 13232 | D:8      | Found a hide-covered altar of Uskayaw.
 14122 | D:9      | Noticed a two-headed ogre
 14166 | D:8      | Killed a two-headed ogre
 14166 | D:8      | Reached ***** piety under Wu Jian
 14167 | D:8      | Reached XP level 11. HP: 25/49 MP: 12/12
 14573 | D:9      | Learned a level 3 spell: Confusing Touch
 14654 | D:9      | Found a staircase to the Orcish Mines.
 14963 | D:9      | Reached skill level 1 in Spellcasting
 14966 | D:9      | Reached skill level 1 in Hexes
 15321 | D:9      | Found Missiliomp's Assorted Antiques.
 15433 | D:9      | Found an opulent altar of Gozag.
 15692 | Orc:1    | Entered Level 1 of the Orcish Mines
 15733 | D:10     | Entered Level 10 of the Dungeon
 15747 | D:10     | Noticed Nergalle
 15749 | D:10     | Killed Nergalle
 15822 | D:10     | Noticed a two-headed ogre
 15828 | D:10     | Killed a two-headed ogre
 16077 | D:10     | Noticed a fire dragon
 16283 | D:10     | Found a staircase to the Lair.
 16317 | D:10     | Killed a fire dragon
 16492 | D:10     | Reached skill level 5 in Spellcasting
 16528 | D:10     | Reached skill level 5 in Hexes
 16554 | D:10     | Noticed a tengu warrior
 16567 | D:10     | Noticed a deep elf pyromancer
 16568 | D:10     | Noticed a two-headed ogre
 16579 | D:10     | Noticed a white ugly thing
 16595 | D:10     | Killed a tengu warrior
 16601 | D:10     | Killed a white ugly thing
 16611 | D:10     | Killed a deep elf pyromancer
 16621 | D:10     | Killed a two-headed ogre
 16728 | D:10     | Noticed a boulder beetle
 16739 | D:10     | Killed a boulder beetle
 16740 | D:10     | Reached XP level 12. HP: 53/53 MP: 22/24
 17039 | D:10     | Found a faded altar of an unknown god.
 17044 | D:10     | Found a hazy altar of Hepliaklqana.
 17060 | D:10     | Learned a level 7 spell: Enfeeble
 17065 | D:10     | Learned a level 4 spell: Cause Fear
 17074 | D:10     | Learned a level 8 spell: Discord
 17115 | Lair:1   | Entered Level 1 of the Lair of Beasts
 17441 | Lair:1   | Reached skill level 1 in Shields
 17817 | Lair:2   | Noticed Fannar
 17825 | Lair:2   | Found a hole to the Spider Nest.
 17825 | Lair:2   | Killed Fannar
 17925 | Lair:2   | Found a staircase to the Shoals.
 18406 | Lair:2   | Found a runed translucent door.
 18406 | Lair:2   | Noticed Weugil's ghost (journeyman HaBe)
 18916 | Lair:3   | Noticed a catoblepas
 19104 | Lair:3   | Noticed Amaemon
 19118 | Lair:3   | Killed Amaemon
 19216 | Lair:3   | Noticed an eight-headed hydra
 19222 | Lair:3   | Killed an eight-headed hydra
 19655 | Lair:3   | Reached skill level 5 in Fighting
 20064 | Lair:3   | Killed a catoblepas
 20478 | Lair:4   | Reached ****** piety under Wu Jian
 20479 | Lair:4   | Reached XP level 13. HP: 64/64 MP: 25/25
 20935 | Lair:5   | Entered Level 5 of the Lair of Beasts
 21054 | Lair:5   | Reached skill level 5 in Shields
 21771 | Lair:4   | Reached skill level 10 in Hexes
 22039 | Lair:5   | Found a staircase to the Slime Pits.
 22398 | Lair:5   | Found a large runed translucent door.
 22399 | Lair:5   | Found a large runed translucent door.
 22407 | Lair:5   | Noticed a fire dragon
 22776 | Lair:5   | Killed a fire dragon
 23639 | Orc:1    | Found Lieroshu's Magic Scroll Shoppe.
 23647 | Orc:1    | Bought a scroll of brand weapon for 133 gold pieces
 23647 | Orc:1    | Bought a scroll of summoning for 133 gold pieces
 23795 | Orc:2    | Entered Level 2 of the Orcish Mines
 23954 | Orc:2    | Reached XP level 14. HP: 49/73 MP: 26/26
 24394 | Orc:2    | Found a staircase to the Elven Halls.
 24624 | Orc:2    | Found Helalyt's Book Emporium.
 24624 | Orc:2    | Found Tawn's Book Boutique.
 24626 | Orc:2    | Found Vepe's Weapon Shop.
 24628 | Orc:2    | Found Jirezxu's Book Shoppe.
 25321 | D:11     | Found Ziki Goa's Magic Scroll Shoppe.
 25933 | D:12     | Found Rosahued's Assorted Antiques.
 25953 | D:12     | Bought a moonstone ring for 150 gold pieces
 26104 | D:12     | Noticed a vampire knight
 26115 | D:12     | Killed a vampire knight
 26141 | D:12     | Identified the +1 ring mail "Metenn" {rF+}
 26221 | D:12     | Reached skill level 10 in Stealth
 26630 | D:12     | Found a portal to a secret trove of treasure.
 28141 | D:14     | Found a gate to the Vaults.
 28227 | D:14     | Found a radiant altar of Vehumet.
 28396 | D:15     | Entered Level 15 of the Dungeon
 28396 | D:15     | Found an opulent altar of Gozag.
 28426 | D:15     | Identified the ring "Ytoghear" {rF+ rN+ Str+5 SInv Stlth+}
 28494 | D:15     | Found a broken altar of Ashenzari.
 28838 | D:15     | Found a staircase to the Depths.
 28838 | D:15     | Noticed a fire giant
 28870 | D:15     | Reached skill level 10 in Fighting
 29007 | D:15     | Reached XP level 15. HP: 72/80 MP: 23/27
 29011 | D:15     | Reached skill level 15 in Dodging
 29344 | Spider:1 | Entered Level 1 of the Spider Nest
 29466 | Spider:1 | Reached skill level 1 in Armour
 31456 | Spider:2 | Noticed Azrael
 31541 | Spider:2 | Killed Azrael
 31689 | Spider:2 | Reached skill level 15 in Hexes
 32366 | Spider:2 | Reached skill level 5 in Armour
 32415 | Spider:2 | Noticed an emperor scorpion
 32424 | Spider:2 | Killed an emperor scorpion
 32566 | Spider:3 | Found a transporter.
 32645 | Spider:3 | Noticed an emperor scorpion
 32685 | Spider:3 | Slain by a jumping spider

Illustrated notes

Levels and vault maps discovered:
D:1:      minmay_arrival_arboretum_small, layout_loops_ring,
          ebering_ecumenical_altar_rust, minmay_pentomino_r4
D:2:      layout_loops_ring, basic_altar, serial_aquarium,
          aquarium_bridge_island_small [aquarium_subvault_small_water,
          aquarium_subvault_wall, aquarium_subvault_bridge,
          aquarium_subvault_bridge, aquarium_subvault_window],
          aquarium_bridge_straight [aquarium_subvault_bridge,
          aquarium_subvault_wall, aquarium_subvault_bridge,
          aquarium_subvault_wall], aquarium_window_fake, aquarium_window_fake,
          aquarium_window_fake, aquarium_window_1, aquarium_view_2c,
          kennysheep_cross_bottleneck, dk_noncrumbling_2
D:3:      layout_loops_ring, mainiacjoe_overflow_boulevard, led_sif_book,
          gup_sewer_entry_bowl
D:4:      minmay_polygon_palace, layout_loops_ring, gammafunk_ghost_necromancy,
          uniq_pikel
D:5:      layout_gridville, serial_shops, nicolae_shop_crystal, hex_tiny,
          uniq_menkaure, uniq_crazy_yiuf_cottage
D:6:      layout_basic, minmay_temple_entry_glassed_door, serial_shops,
          nicolae_stop_n_shop_2
D:7:      layout_gridville, uniq_duvessa
D:8:      layout_rooms, lemuel_coloured_pillars_altar, uniq_erica
D:9:      layout_loops_ring, kennysheep_mini_moat, erik_orc_3,
          nicolae_stop_n_shop_1
D:10:     layout_roguey, beargit_hepliaklqana_dungeon_heroes,
          minmay_lair_entry_lava, nzn_random_ring, uniq_nergalle
D:11:     layout_roguey, serial_shops, nicolae_diamond_shop
D:12:     evilmike_horseshoe, layout_loops_corners,
          nicolae_trove_entry_diagonal, serial_shops, shop
D:13:     layout_small_grid
D:14:     layout_loops_ring, erik_vaults_1, nicolae_vehumet_altar_sigil
D:15:     grunt_enter_depths_giant_problem, layout_cross,
          evilmike_ruin_ashenzari, nicolae_gozag_seed_capital
Lair:1:   layout_roguey
Lair:2:   layout_roguey, elwin_shoals_entry_stream, spider_nest_entry_rubble,
          serial_rivers, chequers_serial_rivers_micro_c,
          chequers_serial_rivers_large_b, chequers_serial_rivers_small_3,
          chequers_serial_rivers_small_3, chequers_serial_rivers_micro_e,
          chequers_serial_rivers_large_a, gammafunk_ghost_grave, uniq_fannar
Lair:3:   layout_gridlike, chequers_serial_rivers_room_a, uniq_amaemon
Lair:4:   layout_long_grid, cheibrodos_lair_reptile_den, grunt_megastairs_4,
          infiniplex_staircase_pool_2, serial_bayou_shore_a
Lair:5:   cheibrodos_lair_end_hotspot, layout_small_grid,
          dpeg_slime_entry_corner
Spider:1: layout_chambers
Spider:2: nicolae_spider_hilbert_zone_6 [nicolae_spider_hilbert_4_sides_1_open,
          nicolae_spider_hilbert_4_sides_1_open,
          nicolae_spider_hilbert_4_sides_1_open,
          nicolae_spider_hilbert_4_sides_1_open,
          nicolae_spider_hilbert_4_sides_1_open,
          nicolae_spider_hilbert_4_sides_1_open,
          nicolae_spider_hilbert_4_sides_1_open], special_room
          [special_room_bee], uniq_azrael
Spider:3: gammafunk_sealed_arena, uniq_mara
Orc:1:    layout_caves, serial_shops, shop
Orc:2:    st_orc_rangers, layout_caves

Skill      XL: |  1  2  3  4  5  6  7  8  9 10 11 12 13 14 15 |
---------------+----------------------------------------------+-----
Short Blades   | 4 5 6 8 9 10 12 13 14 | 14.0
Dodging        | 5 6 7 8 9 11 13 14 15 | 15.0
Evocations     | 3 5 |  5.0
Stealth        | 1 8 11 | 11.5
Spellcasting   | 7 |  7.9
Hexes          | 7 9 11 13 15 | 15.9
Fighting       | 5 8 10 | 10.0
Shields        | 4 9 |  9.0
Armour         | 5 |  5.4
Throwing       | |  2.0

Action                   |  1- 3 |  4- 6 |  7- 9 | 10-12 | 13-15 || total
-------------------------+-------+-------+-------+-------+-------++-------
Melee: Rapier            |    74 |   302 |   586 |   102 |       ||  1064
       Punch             |       |     2 |    11 |    12 |       ||    25
       Dagger            |       |       |    12 |   941 |  1654 ||  2607
Throw: Boomerang         |    25 |       |    15 |       |       ||    40
       Stone             |     5 |       |       |       |       ||     5
       Dart              |       |       |    33 |     3 |    40 ||    76
 Cast: Confusing Touch   |       |       |       |    21 |   138 ||   159
       Cause Fear        |       |       |       |       |    11 ||    11
Invok: Lunge             |     2 |    13 |    22 |    59 |   101 ||   197
       Whirlwind         |       |    36 |   132 |   148 |   287 ||   603
       Serpent's Lash    |       |       |     1 |     6 |     1 ||     8
       Heavenly Storm    |       |       |       |       |     2 ||     2
 Abil: Wall Jump         |       |       |     1 |     2 |     3 ||     6
Evoke: Lightning rod     |       |     4 |       |    11 |    11 ||    26
       Wand              |       |       |     3 |    21 |    13 ||    37
  Use: Potion            |       |       |     1 |     4 |     3 ||     8
       Scroll            |       |       |     1 |    25 |     7 ||    33
 Stab: Sleeping          |       |     6 |     3 |    20 |    43 ||    72
       Paralysed         |       |       |     2 |     8 |     1 ||    11
       Distracted        |       |       |       |     4 |     6 ||    10
       Confused          |       |       |       |    14 |   114 ||   128
       Fleeing           |       |       |       |       |     1 ||     1
Armor: Robe              |     2 |    16 |     7 |    10 |       ||    35
       Troll leather arm |       |       |       |    15 |    68 ||    83
Dodge: Dodged            |    59 |   214 |   355 |   558 |   906 ||  2092
Block: Other             |       |    52 |    78 |    99 |       ||   229
       Reflection        |       |       |     3 |     5 |    69 ||    77
       Buckler           |       |       |       |   115 |  1058 ||  1173
